 Dungeon Crawl Stone Soup version 0.17-a0-1760-ga6756ae (webtiles) character file.

1805 kae the Cleaver (level 9, -1/102 HPs)
             Began as a Hill Orc Skald on Sept 3, 2015.
             Slain by a water moccasin (7 damage)
             ... on level 5 of the Dungeon.
             The game lasted 00:08:38 (6739 turns).

kae the Cleaver (Hill Orc Skald)                    Turns: 6739, Time: 00:08:39

Health: -1/102     AC: 11    Str: 20    XL:     9   Next: 9%
Magic:  11/11      EV:  7    Int: 12    God:
Gold:   217        SH:  0    Dex: 13    Spells: 1 memorised, 10 levels left

rFire  . . .     SeeInvis .     a - +0 war axe (chop)
rCold  + . .     Clarity  .     e - +0 chain mail {rC+}
rNeg   . . .     SustAt   .     (no shield)
rPois  .         Gourm    .     k - +1 hat
rElec  .         Spirit   .     r - +0 cloak
rCorr  .         Warding  .     g - +0 pair of gloves
rMut   .         Stasis   .     (no boots)
MR     .....                    (no amulet)
Stlth  ..........               (no ring)
                                (no ring)

@: berserking, lethally poisoned (-1 -> -50), very quick, not resistant to
hostile enchantments, extremely unstealthy
A: no striking features
a: no special abilities


You were on level 5 of the Dungeon.
You were hungry.

You visited 1 branch of the dungeon, and saw 5 of its levels.

You collected 217 gold pieces.

Inventory:

Hand weapons
 a - a +0 war axe of chopping (weapon)
Armour
 b - a +0 leather armour
 e - a +0 chain mail of cold resistance (worn)
 g - a +0 pair of gloves (worn)
 k - a +1 hat (worn)
 r - a +0 cloak (worn)
Jewellery
 q - an uncursed ring of ice {unknown}
Magical devices
 p - a wand of teleportation (3)
 v - a wand of fireball (11)
Scrolls
 f - a scroll of teleportation
 i - a scroll of enchant weapon {unknown}
 j - 3 scrolls of remove curse
 s - 4 scrolls of identify
 u - a scroll of recharging {unknown}
 w - a scroll of enchant armour {unknown}
Potions
 h - a potion of magic
 m - a potion of haste
 o - a potion of poison
Books
 c - a book of Battle

   Spells                             Type                      Level
   a - Infusion                       Charms                       1
   b - Shroud of Golubria             Charms/Translocation         2
   c - Song of Slaying                Charms                       2
   d - Spectral Weapon                Hexes/Charms                 3
   e - Regeneration                   Charms/Necromancy            3
Comestibles
 d - 5 bread rations
 l - 4 meat rations
 n - 5 beef jerkies


   Skills:
 - Level 2.4 Fighting
 + Level 14.3 Axes
 - Level 1.1 Armour
 - Level 0.7 Dodging
 - Level 1.5 Spellcasting
 - Level 2.6 Charms


You had 10 spell levels left.
You knew the following spells:

 Your Spells              Type           Power        Failure   Level  Hunger
a - Infusion              Chrm           #.....       92%         1    ##.....


Dungeon Overview and Level Annotations

Branches:
Dungeon (5/15)
 Temple: D:4-7

Altars:

Shops:
D:4 (


Message History

You are more poisoned.
The water moccasin poisons you! The water moccasin bites you.
* * * LOW HITPOINT WARNING * * *
You closely miss the water moccasin.
The water moccasin is lightly wounded.
* * * LOW HITPOINT WARNING * * *
You feel sick.
Unknown command.
You closely miss the water moccasin.
The water moccasin is lightly wounded.
* * * LOW HITPOINT WARNING * * *
You feel very sick. The water moccasin bites you.
* * * LOW HITPOINT WARNING * * *
Unknown command.
You miss the water moccasin.
The water moccasin is lightly wounded.
* * * LOW HITPOINT WARNING * * *
You feel sick. The water moccasin bites you!
You die...

...o...#..รท# #.##.# #
#............###.##.###
#.....................#
#........#....##.##.#.#
#........#....##.......
#........#....##....#..
........#.##.##....#.#
...####................#.#
.........@S....#.#.....#.#
..####.##.##..#.#.....#.#
#.##.##..# #.#.###.#
#.##.##..#.#.#.# #.#
#.##.##..#.#.#.###.#
..####.##.##..#..........
...........(...#.#...###..
...#######.##.##.#...###..
#................


You could see a water moccasin.

Vanquished Creatures
  Pikel (D:4)
  The ghost of Cenon the Cudgeler, an experienced GrFi of Makhleb (D:5)
  The ghost of kae the Slasher, an average HESk (D:3)
  Edmund (D:4)
  4 slaves (D:4)
  3 ogres (D:4)
  An ice beast (D:5)
  A scorpion (D:5)
  A centaur skeleton (D:4)
  A giant frog skeleton (D:5)
  An orc priest (D:3)
  A gnoll shaman (D:4)
  3 orc wizards
  4 worker ants
  6 gnolls (D:4)
  5 adders
  2 oozes
  4 worms
  5 giant geckos
  10 orcs
  8 giant cockroaches
  7 goblins
  4 hobgoblins
  10 kobolds
  2 quokkas (D:3)
  A ball python (D:3)
  4 bats
  2 giant newts
  4 jackals
  3 rats
101 creatures vanquished.

Vanquished Creatures (others)
  A worker ant (D:4)
1 creature vanquished.

Grand Total: 102 creatures vanquished

Notes
Turn   | Place    | Note
--------------------------------------------------------------
     0 | D:1      | kae the Hill Orc Skald began the quest for the Orb.
     0 | D:1      | Reached XP level 1. HP: 18/18 MP: 3/3
    40 | D:1      | Reached skill level 3 in Axes
   192 | D:1      | Reached XP level 2. HP: 20/25 MP: 4/4
   236 | D:1      | Reached skill level 4 in Axes
  1041 | D:2      | Found a faded altar to an unknown god.
  1053 | D:2      | Reached XP level 3. HP: 21/30 MP: 5/5
  1287 | D:2      | Reached skill level 5 in Axes
  1508 | D:2      | Reached XP level 4. HP: 30/37 MP: 6/6
  1944 | D:3      | Reached skill level 6 in Axes
  2146 | D:3      | Reached XP level 5. HP: 24/42 MP: 7/7
  2292 | D:3      | Noticed kae's ghost (average HESk)
  2306 | D:3      | Killed kae's ghost
  2306 | D:3      | Reached skill level 8 in Axes
  2306 | D:3      | Reached XP level 6. HP: 17/50 MP: 8/8
  3266 | D:4      | Noticed Edmund
  3554 | D:4      | Killed Edmund
  3554 | D:4      | Reached skill level 9 in Axes
  3838 | D:4      | Reached XP level 7. HP: 40/56 MP: 9/9
  3848 | D:4      | Reached skill level 10 in Axes
  4253 | D:4      | Found Jiucixe Rihe's Antique Weapon Shoppe.
  4274 | D:4      | Noticed Pikel
  4295 | D:4      | Killed Pikel
  4295 | D:4      | Reached skill level 11 in Axes
  4295 | D:4      | Reached XP level 8. HP: 50/62 MP: 10/10
  4520 | D:4      | Reached skill level 12 in Axes
  5192 | D:4      | Reached skill level 13 in Axes
  5678 | D:5      | Entered Level 5 of the Dungeon
  5693 | D:5      | Noticed Cenon's ghost (experienced GrFi)
  6072 | D:5      | Killed Cenon's ghost
  6322 | D:5      | Reached XP level 9. HP: 66/68 MP: 11/11
  6352 | D:5      | Reached skill level 14 in Axes
  6739 | D:5      | Slain by a water moccasin

Vault maps used:
D:1:      eino_arrival_cavern_e
D:2:      ecumenical_altar_2
D:3:      first_bread
D:4:      serial_shops, shop, serial_co_window_serial,
          co_window_of_opportunity_a, co_window_paths_a,
          co_window_of_opportunity_a, co_window_cross_1, co_window_corner_a,
          co_window_paths_a, co_window_of_opportunity_a, co_window_2corner,
          co_window_of_opportunity_b, co_window_corner_b, co_window_paths_c,
          co_window_broadway_a, co_window_sun, co_window_4corner_a,
          glass_columns_b, glass_columns_a, uniq_edmund, uniq_pikel
D:5:      lemuel_ice_spiral_2, minmay_ogre_servants, uniq_sigmund

Action                   |  1- 3 |  4- 6 |  7- 9 || total
-------------------------+-------+-------+-------++-------
Melee: Hand axe          |   108 |    13 |       ||   121
       War axe           |       |   134 |   174 ||   308
  Use: Potion            |       |     6 |     1 ||     7
       Scroll            |       |       |     8 ||     8
 Stab: Distracted        |       |       |     2 ||     2
  Eat: Chunk             |     2 |     7 |     9 ||    18
